 Dungeon Crawl Stone Soup version 0.30-a0-739-gea05faddec (webtiles) character file.

Game seed: 7123433478483263527

578 jimonade the Magician (level 7, -2/46 HPs)
             Began as a Djinni Hedge Wizard on Feb 5, 2023.
             Slain by a gnoll
             ... wielding a +0 spear
             ... led by a gnoll bouda
              (4 damage)
             ... on level 5 of the Dungeon.
             The game lasted 00:12:21 (5162 turns).

jimonade the Magician (Djinni Hedge Wizard)         Turns: 5162, Time: 00:12:21

Health: -2/46      AC:  2    Str: 11    XL:     7   Next: 62%
Gold:   293        EV: 13    Int: 15    God:
                   SH:  0    Dex: 13

rFire   + + .      SeeInvis .    a - +1 short sword (speed)
rCold   x . .      Faith    .    (no shield)
rNeg    . . .      Spirit   .    b - +0 robe
rPois   ∞          Reflect  .    c - +0 hat
rElec   .          Harm     .    (no cloak)
rCorr   .          Rampage  .    (no gloves)
Will    +....                    (boots unavailable)
Stlth   ++                       (no amulet)
HPRegen 0.27/turn                y - ring of willpower
MPRegen 0.00/turn                (no ring)

@: flying
A: sickness immunity, fire resistance 2, cold vulnerability 1, float, innate
caster, HP casting, extra vitality 1
a: no special abilities


You were on level 5 of the Dungeon.
You visited 1 branch of the dungeon, and saw 5 of its levels.

You collected 293 gold pieces.

Inventory:

Hand Weapons
 a - a +1 short sword of speed (weapon)
 q - a +0 spear
 t - a +0 dagger
Missiles
 n - 5 boomerangs
 w - 6 silver boomerangs
Armour
 b - a +0 robe (worn)
 c - a +0 hat (worn)
 g - a +0 ring mail
 i - a +0 leather armour
Jewellery
 y - a ring of willpower (left hand)
Wands
 x - a wand of mindburst (13)
Scrolls
 h - 2 scrolls of amnesia {unknown}
 p - 5 scrolls of identify {unknown}
 r - a scroll of silence {unknown}
 s - a scroll of fear {unknown}
 u - a scroll of enchant armour {unknown}
 v - a scroll of teleportation {unknown}
 z - 2 scrolls of poison {unknown}
Potions
 d - a potion of magic
 e - a potion of haste {unknown}
 f - 3 potions of attraction {unknown}
 j - a potion of mutation {unknown}
 k - a potion of brilliance {unknown}
 l - a potion of heal wounds {unknown}
 m - a potion of flight {unknown}
 o - 3 potions of curing {unknown}


   Skills:
 + Level 0.9 Fighting
 + Level 1.1 Short Blades
 + Level 3.2 Dodging
 - Level 1.5 Stealth
 * Level 5.9 Spellcasting


You had 3 spell levels left.
You knew the following spells:

 Your Spells              Type           Power      Damage    Failure   Level
a - Magic Dart            Conj           88%        1d7       1%          1
b - Slow                  Hex            88%        N/A       1%          1
c - Blink                 Tloc           44%        N/A       1%          2
d - Call Imp              Summ           22%        N/A       1%          2
e - Mephitic Cloud        Conj/Pois/Air  22%        N/A       4%          3
f - Sting                 Tmut/Pois      88%        1d7       1%          1
g - Ensorcelled Hibernat  Hex/Ice        44%        N/A       1%          2
h - Passwall              Tmut/Erth      18%        N/A       1%          2
Your spell library was empty.

Dungeon Overview and Level Annotations

Branches:
Dungeon (5/15)             Temple (0/1) D:5

Altars:

Shops:
D:1 :([[


Innate Abilities, Weirdness & Mutations

You are immune to sickness and miasma.
You are immune to poison.
Your flesh is very heat resistant. (rF++)
You are vulnerable to cold. (rC-)
You float through the air rather than walking.
You learn spells naturally, not from books.
Your magical power is your life essence.
You have superior vitality. (+4 MHP)


Message History

The puff of frost hits the gnoll bouda.
The gnoll bouda barks out a call to the hunt!
The gnoll picks up the pace!
The gnoll hits you from afar with a +0 spear!
Your white imp hits the gnoll bouda but does no damage.
There is a stone staircase leading up here.
Casting: Magic Dart (safe; 1% risk of failure)
Confirm with . or Enter, or press ? or * to list all spells.
Aiming: Mephitic Cloud (dangerous; 4% risk of failure)
Press: ? - help, Shift-Dir - straight line The ball explodes into a vile cloud!
The stinking cloud engulfs the gnoll but does no damage.
The stinking cloud engulfs you but does no damage.
The stinking cloud engulfs the gnoll but does no damage.
The gnoll is engulfed in noxious fumes.
The gnoll appears confused.
The gnoll hits you from afar with a +0 spear.
The gnoll is engulfed in noxious fumes.
The gnoll appears confused.
The gnoll closely misses you.
Your white imp gestures at the gnoll bouda.
The puff of frost hits the gnoll bouda!
You are too injured to fight recklessly!
Aiming: Magic Dart (safe; 1% risk of failure)
Press: ? - help, Q - select action, (/) - cycle Shift-Dir - straight line, f - gnoll
Aim: a gnoll, wielding a +0 flail (noxious fumes, covering ground quickly, confused, 100% to hit)
The magic dart hits the gnoll.
The gnoll is lightly wounded.
The gnoll bouda gazes fiercely through your white imp!
Your white imp looks weaker.
The gnoll bouda hits your white imp with a +0 club!
The gnoll hits you from afar with a +0 spear!
* * * LOW HITPOINT WARNING * * *
The gnoll is engulfed in noxious fumes.
The gnoll appears confused.
The gnoll hits you with a +0 flail!
* * * LOW HITPOINT WARNING * * *
Your white imp gestures at the gnoll bouda.
The puff of frost hits the gnoll bouda!
The gnoll bouda dies!
Your Short Blades skill increases to level 1!
The gnoll hits you from afar with a +0 spear.
You die...

# #.. . .##
#.. .# # ....
#.# .# #
##.....
####.###.#.#.#
.......
............
##.....
#..5..#.## #
..##
#○.).....# ##
# #.gg.#.#.#
o# #@°○......
c# #..)#.#.#.
.# ..#.......
.####
.#...#.>.#..
o...##
#!..#.......#
###5.#
###...#.#.#.
....o.#
#........
....5.# ### .#
......#


You could see 2 gnolls and a friendly white imp (summoned, weak).

Vanquished Creatures
  A phantom (D:3)
  A hound (D:4)
  An iguana (D:3)
  An orc wizard (D:3)
  A gnoll (D:4)
  2 adders
  2 dart slugs
  3 orcs (D:3)
  2 bats
  7 endoplasms
  4 giant cockroaches
  4 goblins
  5 hobgoblins
  2 jackals (D:4)
  4 kobolds
  A quokka (D:4)
  6 ball pythons
  6 frilled lizards
  3 rats
56 creatures vanquished.

Vanquished Creatures (collateral kills)
  Edmund (D:4)
  A howler monkey (D:5)
  A jelly (D:5)
  A hound (D:5)
  A gnoll bouda (D:5)
  An iguana (D:4)
  4 gnolls
  An adder (D:2)
  4 worms
  A dart slug (D:2)
  A goblin (D:4)
  A hobgoblin (D:2)
  A quokka (D:5)
  2 ball pythons (D:4)
  A kobold (D:3)
22 creatures vanquished.

Grand Total: 78 creatures vanquished

Notes
Turn   | Place    | Note
-------+----------+-------------------------------------------
     0 | D:1      | jimonade the Djinni Hedge Wizard began the quest for the
                  | Orb.
     0 | D:1      | jimonade set off with the following spells memorised: Magic
                  | Dart, Slow, Blink, Call Imp, Mephitic Cloud.
     0 | D:1      | Reached XP level 1. HP: 15/15 MP: 0/0
    34 | D:1      | Found Gevius's Antique Weapon Boutique.
    38 | D:1      | Found Tatutow's Book Boutique.
   160 | D:1      | Found Fyazew's Armour Boutique.
   177 | D:1      | Reached XP level 2. HP: 20/21 MP: 0/0
   311 | D:1      | Found Jiletoabac's Armour Emporium.
   559 | D:2      | Reached skill level 3 in Spellcasting
   816 | D:2      | Reached XP level 3. HP: 24/25 MP: 0/0
   816 | D:2      | Learned a level 1 spell: Sting
   978 | D:2      | Reached XP level 4. HP: 21/31 MP: 0/0
  1704 | D:3      | Reached skill level 4 in Spellcasting
  1704 | D:3      | Reached XP level 5. HP: 21/35 MP: 0/0
  1704 | D:3      | Learned a level 2 spell: Ensorcelled Hibernation
  2825 | D:4      | Noticed Edmund
  2827 | D:4      | Noticed a phantom
  2938 | D:3      | Killed a phantom
  2939 | D:3      | Reached XP level 6. HP: 31/41 MP: 0/0
  3330 | D:4      | Reached skill level 5 in Spellcasting
  3812 | D:4      | Killed Edmund
  3813 | D:4      | Reached XP level 7. HP: 26/46 MP: 0/0
  3813 | D:4      | Learned a level 2 spell: Passwall
  4423 | D:5      | Entered Level 5 of the Dungeon
  4423 | D:5      | Found a staircase to the Ecumenical Temple.
  4814 | D:5      | Noticed a water moccasin
  5161 | D:5      | HP: 2/46 [gnoll/+0 flail[a gnoll bouda] (11)]
  5162 | D:5      | Reached skill level 1 in Short Blades
  5162 | D:5      | Slain by a gnoll

Illustrated notes

Levels and vault maps discovered:
D:1:      lightli_arrival_isolated_outpost, layout_rooms, serial_shops,
          shop_fountains, shop, nicolae_diamond_shop, shop, minmay_lizard_pond
D:2:      layout_loops_cross, minmay_misc_feat_plants
D:3:      layout_basic, minivault_23
D:4:      layout_cave_pools, portal_sewer_entry_b, st_stairs_6,
          minmay_pentangle, uniq_edmund
D:5:      layout_basic, minmay_temple_entry_sparse_star

Skill      XL: |  1  2  3  4  5  6  7 |
---------------+----------------------+-----
Spellcasting   | 3 4 5 |  5.9
Dodging        | 3 |  3.2
Short Blades   | 1 |  1.1
Fighting       | |  0.9
Stealth        | |  1.5

Action                     |  1- 3 |  4- 6 |  7- 9 || total
---------------------------+-------+-------+-------++-------
  Melee: Dagger            |     1 |     5 |       ||     6
         Short sword       |       |    40 |    10 ||    50
         Punch             |       |     2 |     1 ||     3
   Cast: Magic Dart        |    43 |   102 |    32 ||   177
         Call Imp          |     1 |    32 |    19 ||    52
         Slow              |     2 |     3 |     3 ||     8
         Mephitic Cloud    |       |    12 |     4 ||    16
         Blink             |       |       |     1 ||     1
         Ensorcelled Hiber |       |       |     1 ||     1
   Stab: Confused          |       |     8 |       ||     8
 Armour: Robe              |     1 |    14 |     4 ||    19
  Dodge: Dodged            |     2 |    49 |    28 ||    79

Table legend: (Time is in decaauts)
 A = Elapsed time spent in this place.
 B = Non-inter-level travel time spent in this place.
 C = Inter-level travel time spent in this place.
 D = Time resting spent in this place.
 E = Time spent auto-exploring this place.
 F = Levels seen in this place.
 G = Mean time per level.
                   A        B        C        D        E       F      G
               +--------+--------+--------+--------+--------+-----+--------+
         Total |   5146 |   4697 |    449 |   1042 |   2836 |   5 | 1029.2 |
       Dungeon |   5146 |   4697 |    449 |   1042 |   2836 |   5 | 1029.2 |
               +--------+--------+--------+--------+--------+-----+--------+

Top non-repeatable levels by time:
     D:3: 2228 daAuts
     D:4: 1316 daAuts
     D:2: 854 daAuts
     D:1: 543 daAuts
     D:5: 203 daAuts
